 Dungeon Sprint DCSS version 0.31-a0-435-g2c6fae2916 (webtiles) character file.

Game seed: 13335307385540524803

54 rocky1 the Changeling (level 3, 0/26 HPs)
             Began as a Demonspawn Shapeshifter on Aug 2, 2023.
             Was an Initiate of Gozag.
             Slain by an orc
             ... wielding a +0 mace
              (7 damage)
             ... in the Dungeon (Sprint VII: "The Pits").
             The game lasted 00:00:51 (262 turns).

rocky1 the Changeling (Demonspawn Shapeshifter)      Turns: 262, Time: 00:00:52

Health: 0/26       AC:  2    Str: 15    XL:     3   Next: 66%
Magic:  3/3        EV: 12    Int: 11    God:    Gozag
Gold:   765        SH:  4    Dex: 15    Spells: 2/2 levels left

rFire   . .          .
                       - Unarmed
rCold   . . .        (no shield)
rNeg    . . .        a - +0 animal skin
rPois   .            (helmet currently unavailable)
rElec   .            (cloak currently unavailable)
rCorr   .            (gloves currently unavailable)
SInv    .            (boots currently unavailable)
Will    .....        (no amulet)
Stlth   ++           (no ring)
HPRegen 0.24/turn    (no ring)
MPRegen 0.08/turn

%: no teleportation
@: lethally poisoned (0 -> -5), beast-form
A: beast (slay +3), big brain 1, condensation shield
a: Begin Untransformation, Renounce Religion, Potion Petition, Call Merchant,
Bribe Branch


You were in the Dungeon.
You worshipped Gozag.
Gozag was pleased with you.
You were a hulking beast.
You visited 1 branch You collected 765 gold pieces.

Inventory:

Armour
 a - a +0 animal skin (worn)
Talismans
 c - a beast talisman (active)
Scrolls
 i - a scroll of blinking
 k - 5 scrolls of amnesia
 l - a scroll of butterflies
Potions
 b - a potion of lignification
 d - a potion of curing
 e - a potion of heal wounds
 f - a potion of haste
 g - 4 potions of magic
 h - 3 potions of berserk rage
 j - 2 potions of invisibility


   Skills:
 + Level 1.0 Fighting
 + Level 2.5 Dodging
 + Level 1.0 Stealth
 + Level 4.6 Unarmed Combat
 + Level 5.0 Shapeshifting


You had 2 spell levels left.
You didn't know any spells.
Your spell library was empty.

Dungeon Overview and Level Annotations

Branches:
Dungeon (1/1)

Altars:
Ashenzari
Cheibriados
Dithmenos
Fedhas
Gozag
Hepliaklqana
Kikubaaqudgha
Makhleb
Nemelex Xobeh
Okawaru
Qazlal
Ru
Sif Muna
Trog
Uskayaw
Vehumet
Wu Jian
Xom
Yredelemnul
Jiyva
Lugonu


Innate Abilities, Weirdness & Mutations

You are a hulking beast.
Your limbs bulge with bestial killing power. (Slay +3)
You have an unusually large brain. (Int +2)
A meltable shield of frost defends you. (SH +4)


Message History

The jackal is distracted by your dazzling golden aura.
The orc shouts!
You block the orc's attack.
There is an open door here.
You punch the orc!
You kill the orc!
Your Shapeshifting skill increases to level 5!
Things that are here:
54 gold pieces; a +0 falchion; a +0 ring mail
There is an open door here.
You hit the jackal.
The jackal is no longer distracted by gold.
The jackal is almost dead.
The jackal bites you but does no damage.
You closely miss the jackal.
The jackal is almost dead.
The jackal closely misses you. x2
You hit the jackal.
You kill the jackal!
No target in view!
No target in view!
Things that are here:
54 gold pieces; a +0 falchion; a +0 ring mail An orc comes into view.
It is wielding a +0 mace.
The orc hits you with a +0 mace.
There is an open door here.
Unknown command.
The scorpion attacks as you move away! The scorpion stings you.
You are poisoned.
The scorpion poisons you!
You feel very sick.
Things that are here:
54 gold pieces; a +0 falchion; a +0 ring mail You feel very sick.
There is an open door here.
You feel sick.
You see here a +0 flail.
The orc attacks as you move away! The orc hits you with a +0 mace!
You die...
Your body crumbles into a pile of gold.

############
#_________.#
#_________.#
#_______...###########+
##########'##..........
#.?(.')))'.##......#..#
##########.##..........
#.....h.....'..........
#+#####o#####......#..#
#..#$.#..##..........
#.)s..'..#####'#####+
##$####+###.......#
#... #.......# #..ho
#.......# #####+
#...<...# #.......#


You could see an orc.

Vanquished Creatures
  An orc priest (D)
  An orc (D)
  A ball python (D)
  A bat (D)
  A giant cockroach (D)
  11 jackals (D)
  A kobold (D)
  A rat (D)
18 creatures vanquished.

Notes
Turn   | Place    | Note
-------+----------+-------------------------------------------
     0 | D        | rocky1 the Demonspawn Shapeshifter began the quest for the
                  | Orb.
     0 | D        | Reached XP level 1. HP: 15/15 MP: 1/1
    22 | D        | Found a bloodstained altar of Trog.
    22 | D        | Found a shimmering blue altar of Sif Muna.
    22 | D        | Found a viscous altar of Jiyva.
    22 | D        | Found a hazy altar of Hepliaklqana.
    22 | D        | Found an opulent altar of Gozag.
    23 | D        | Found a basalt altar of Yredelemnul.
    23 | D        | Found a shimmering altar of Xom.
    23 | D        | Found an ornate altar of the Wu Jian Council.
    23 | D        | Found a sacrificial altar of Ru.
    23 | D        | Found a stormy altar of Qazlal.
    23 | D        | Found an iron altar of Okawaru.
    23 | D        | Found a sparkling altar of Nemelex Xobeh.
    23 | D        | Found a burning altar of Makhleb.
    23 | D        | Found a blossoming altar of Fedhas.
    23 | D        | Found a shadowy altar of Dithmenos.
    23 | D        | Found a snail-covered altar of Cheibriados.
    26 | D        | Found a corrupted altar of Lugonu.
    26 | D        | Found a radiant altar of Vehumet.
    27 | D        | Found an ancient bone altar of Kikubaaqudgha.
    27 | D        | Found a hide-covered altar of Uskayaw.
    27 | D        | Found a broken altar of Ashenzari.
    30 | D        | Became a worshipper of Gozag Ym Sagoz the Greedy
    72 | D        | Reached skill level 3 in Shapeshifting
   102 | D        | Gained mutation: A meltable shield of frost defends you.
                  | (SH +4) [demonic ancestry]
   102 | D        | Reached XP level 2. HP: 21/21 MP: 2/2
   105 | D        | Reached skill level 4 in Shapeshifting
   216 | D        | Noticed a scorpion
   237 | D        | Gained mutation: You have an unusually large brain. (Int
                  | +2) [demonic ancestry]
   237 | D        | Reached XP level 3. HP: 16/26 MP: 3/3
   242 | D        | Reached skill level 1 in Stealth
   250 | D        | Reached skill level 5 in Shapeshifting
   262 | D        | Slain by an orc

Illustrated notes

Levels and vault maps discovered:
D:        pitsprint [storerooms_1, entrance_room_1, metal_vault_8, armoury_1,
          mini_pit_1, grid_room_1, main_hall_1, silver_pit, the_coven_3,
          the_vestibule_1, steel_vault_4, golden_pit, hallway_of_sentries,
          crystal_vault_1, iron_vault_1, final_vault]

Skill      XL: |  1  2  3 |
---------------+----------+-----
Shapeshifting  | 3 4 5 |  5.0
Unarmed Combat | 3 4 |  4.6
Dodging        | 2 |  2.5
Stealth        | 1 |  1.0
Fighting       | |  1.0

Action                     || total
---------------------------++-------
  Melee: Unarmed           ||    48
         Punch             ||     1
 Armour: Animal skin       ||    12
  Dodge: Dodged            ||    26
  Block: Other             ||     5

Table legend: (Time is in decaauts)
 A = Elapsed time spent in this place.
 B = Non-inter-level travel time spent in this place.
 C = Inter-level travel time spent in this place.
 D = Time resting spent in this place.
 E = Time spent auto-exploring this place.
 F = Levels seen in this place.
 G = Mean time per level.
                   A        B        C        D        E       F      G
               +--------+--------+--------+--------+--------+-----+--------+
         Total |    258 |    258 |      0 |    109 |      0 |   1 |  258.0 |
       Dungeon |    258 |    258 |      0 |    109 |      0 |   1 |  258.0 |
               +--------+--------+--------+--------+--------+-----+--------+

Top non-repeatable levels by time:
       D: 258 daAuts
